 Dungeon Crawl Stone Soup version 0.25-a0-860-gf695395b5c (webtiles) character file.

Game seed: 15267689124460961519, levelgen mode: deterministic

15190 Maedhros the Martial Artist (level 12, -5/85 HPs)
             Began as an Octopode Artificer on Apr 29, 2020.
             Was an Elder of Cheibriados.
             Slain by a howler monkey (7 damage)
             ... on level 11 of the Dungeon.
             The game lasted 00:42:11 (6393 turns).

Maedhros the Martial Artist (Octopode Artificer)    Turns: 6393, Time: 00:42:11

Health: -5/85      AC:  1    Str: 20    XL:     12   Next: 24%
Magic:  15/17      EV: 22    Int: 23    God:    Cheibriados [****..]
Gold:   399        SH:  6    Dex: 26    Spells: 6/11 levels left

rFire    + . .     SeeInvis .     - Unarmed
rCold    + . .     Gourm    .   L - +0 buckler
rNeg     . . .     Faith    .   (helmet restricted)
rPois    .         Spirit   .   I - amulet of regeneration
rElec    .         Reflect  .   y - ring of wizardry
rCorr    +         Harm     .   o - ring of protection from magic
MR       ++...     Clarity  +   h - ring of protection from fire
Stlth    ++++......             K - ring of protection from cold
HPRegen  0.64/turn              d - ring of resist corrosion
MPRegen  0.15/turn              (no ring)
                                (no ring)
                                (no ring)

@: very slow
A: almost no armour, stealthy swim, amphibious, 8 rings, constrict 8, camouflage
1, clarity, magic resistance 1, gelatinous body 1, MP-powered wands
a: Bend Time, Temporal Distortion, Slouch, Renounce Religion


You were on level 11 of the Dungeon.
You worshipped Cheibriados.
Cheibriados was greatly pleased with you.
You were hungry.

You visited 2 branches of the dungeon, and saw 12 of its levels.

You collected 511 gold pieces.
You spent 112 gold pieces at shops.

Inventory:

Hand Weapons
 g - a +0 hunting sling
 k - a +4 dagger of holy wrath
 l - a +1 vorpal shortbow
 J - a +2 dagger of protection
Missiles
 i - 16 boomerangs (quivered)
 j - 320 stones
 m - 45 poisoned darts
 n - 90 arrows
 q - 83 sling bullets
 u - 2 atropa-tipped darts
 D - 2 curare-tipped darts
Armour
 e - a +0 kite shield
 L - a +0 buckler (worn)
Jewellery
 d - a ring of resist corrosion (on tentacle)
 h - a ring of protection from fire (on tentacle)
 o - a ring of protection from magic (right tentacle)
 y - a ring of wizardry (left tentacle)
 A - an uncursed amulet of magic regeneration
 I - an amulet of regeneration (around mantle)
 K - a ring of protection from cold (on tentacle)
Wands
 b - a wand of flame (1)
 G - a wand of iceblast (2)
Scrolls
 r - a scroll of summoning {unknown}
 z - a scroll of fear {unknown}
 C - a scroll of magic mapping {unknown}
 E - a scroll of amnesia
 M - 4 scrolls of noise {unknown}
 O - 2 scrolls of enchant weapon
Potions
 a - a potion of stabbing
 c - a potion of mutation
 p - 2 potions of flight
 s - 3 potions of might {unknown}
 w - a potion of brilliance
 x - 4 potions of curing
 B - a potion of invisibility
Comestibles
 f - 17 rations
 v - a chunk of flesh


   Skills:
 + Level 9.0 Fighting
 - Level 1.0 Short Blades
 + Level 9.1 Dodging
 - Level 4.0 Stealth
 - Level 4.0 Shields
 + Level 11.5 Unarmed Combat
 - Level 4.0 Hexes
 + Level 6.6 Invocations
 + Level 7.4 Evocations


You had 6 spell levels left.
You knew the following spells:

 Your Spells              Type           Power        Failure   Level  Hunger
a - Ensorcelled Hibernat  Hex/Ice        #.....       4%          2    ###....
b - Tukima's Dance        Hex            ###.....     3%          3    ####...

Your spell library contained the following spells:

 Spells                   Type           Power        Failure   Level  Hunger
 Corona                   Hex            ###....      1%          1    ##.....
 Confusing Touch          Hex            ###.....     3%          3    ####...
 Dazzling Flash           Conj/Hex       #.....       9%          3    ####...


Dungeon Overview and Level Annotations

Branches:
Dungeon (11/15)            Temple (1/1) D:7
   Lair: D:8-11         Orc: D:9-12

Altars:
Ashenzari
Cheibriados
Dithmenos
Elyvilon
Fedhas
Gozag
Hepliaklqana
Kikubaaqudgha
Makhleb
Nemelex Xobeh
Okawaru
Qazlal
Ru
Sif Muna
Trog
Uskayaw
Vehumet
Wu Jian
Xom
Yredelemnul
Zin
The Shining One

Shops:
D:5 !   D:6 %   D:8 %

Annotations:
D:7 Dowan, Duvessa, Pikel
D:9 exclusion: ice statue


Innate Abilities, Weirdness & Mutations

You cannot wear most types of armour.
You are very stealthy in the water. (Stealth+)
You are amphibious.
You can wear up to eight rings at the same time.
You can use your tentacles to constrict eight enemies at once.
Your skin changes colour to match your surroundings (Stealth+).
Your rubbery body absorbs attacks. (AC +1, EV +1)
You possess an exceptional clarity of mind.
You are resistant to hostile enchantments. (MR+)
You expend magic power (3 MP) to strengthen your wands.


Message History

You closely miss the howler monkey. You grab the howler monkey.
You squeeze the howler monkey!
The howler monkey is severely wounded.
You constrict the howler monkey.
The cyclops throws a large rock.
The large rock hits you!!!
* * * LOW HITPOINT WARNING * * *
You are too injured to fight recklessly!
Okay, then.
Okay, then.
Okay, then.
Okay, then.
Evoke which item? (* to show all) (? for menu, Esc to quit)
Okay, then.
Okay, then.
Okay, then.
You release your grip on the howler monkey.
The howler monkey misses you. The howler monkey hits you.
* * * LOW HITPOINT WARNING * * *
The howler monkey hits you!
You die...

#..........# ##.'....# #
..##[......#####..#..^.#
#.+
####..........>..##....#
#...#
#.......########....#...#
#.......# #....'.#
#.......# #....###
##.###### ####.### ## #.#
##....#### .# #..
#@(......... .+
#...h.......... .#
#.##........... .# #
#........... .#
#........... .#
#........... ##
#..C........ ###.######


You could see a cyclops and a howler monkey.

Vanquished Creatures
  An ice dragon (D:9)
  Nergalle (D:10)
  A skeletal warrior (D:9)
  A death drake (shapeshifter) (D:9)
  2 unseen horrors
  A gargoyle (D:11)
  Maggie (D:10)
  2 hornets
  A shadow (D:11)
  A steam dragon (D:11)
  A basilisk (D:9)
  3 yaks (D:9)
  A hungry ghost (D:10)
  An acid dragon (D:11)
  8 soldier ants
  2 water moccasins
  18 ice beasts (D:9)
  An orc warrior (D:11)
  3 black bears
  An eye of draining (D:10)
  2 phantoms
  5 ogres
  2 sky beasts
  A crocodile (D:10)
  5 centaurs
  A big kobold (D:9)
  4 bullfrogs
  An orc priest (D:4)
  9 killer bees (D:10)
  A scorpion (D:6)
  9 electric eels (D:9)
  11 howler monkeys
  2 crimson imps (D:5)
  Crazy Yiuf (D:7)
  A bullfrog zombie (D:6)
  A quasit (D:9)
  3 hounds (D:9)
  2 jellies
  2 bullfrog skeletons
  5 orc wizards
  2 iguanas
  21 worker ants
  A hound zombie (D:7)
  A hound skeleton (D:5)
  4 gnolls
  8 adders
  3 shadow imps
  An ooze (D:1)
  An adder skeleton (D:7)
  2 worms
  2 dart slugs (D:2)
  9 leopard geckos
  20 orcs
  A ball python (D:3)
  7 bats
  5 giant cockroaches
  8 goblins
  7 hobgoblins
  8 jackals
  5 quokkas
  A ball python skeleton (D:4)
  4 frilled lizards
  12 kobolds
  A leopard gecko zombie (D:9)
  2 rats (D:3)
255 creatures vanquished.

Vanquished Creatures (collateral kills)
  An ogre (D:6)
  A phantom (D:4)
  A jelly (D:5)
  2 orc wizards
  A gnoll (D:4)
  3 adders (D:4)
  An orc (D:4)
10 creatures vanquished.

Vanquished Creatures (others)
  A hound (D:6)
  A worker ant (D:4)
2 creatures vanquished.

Grand Total: 267 creatures vanquished

Notes
Turn   | Place    | Note
-------+----------+-------------------------------------------
     0 | D:1      | Maedhros the Octopode Artificer began the quest for the
                  | Orb.
     0 | D:1      | Reached XP level 1. HP: 13/13 MP: 3/3
   100 | D:2      | Reached XP level 2. HP: 13/18 MP: 4/4
   119 | D:2      | You fall into a shaft and drop 2 floors!
   143 | D:4      | Noticed a howler monkey
   149 | D:4      | Killed a howler monkey
   149 | D:4      | Reached skill level 1 in Unarmed Combat
   149 | D:4      | Reached XP level 3. HP: 16/23 MP: 5/5
   188 | D:4      | Reached skill level 2 in Unarmed Combat
   193 | D:4      | Reached XP level 4. HP: 23/28 MP: 6/6
   252 | D:4      | Noticed an ogre
   258 | D:4      | Reached skill level 3 in Unarmed Combat
   276 | D:4      | Noticed a phantom
   399 | D:4      | Killed a phantom
   399 | D:4      | Reached skill level 4 in Unarmed Combat
   399 | D:4      | Reached XP level 5. HP: 33/33 MP: 7/7
   401 | D:4      | Reached XP level 6. HP: 38/38 MP: 8/8
   459 | D:4      | Reached skill level 5 in Unarmed Combat
   701 | D:5      | Entered Level 5 of the Dungeon
   802 | D:5      | Reached skill level 6 in Unarmed Combat
   913 | D:5      | Reached XP level 7. HP: 27/43 MP: 9/9
  1040 | D:5      | Reached skill level 7 in Unarmed Combat
  1042 | D:5      | Found an iron altar of Okawaru.
  1114 | D:5      | Found Qivuekaga's Distillery.
  1122 | D:5      | Bought a potion of heal wounds for 70 gold pieces
  1122 | D:5      | Bought a potion of lignification for 42 gold pieces
  1375 | D:6      | Found Vureqeic's Food Boutique.
  1525 | D:6      | Found an opulent altar of Gozag.
  1649 | D:7      | Reached skill level 8 in Unarmed Combat
  1695 | D:7      | Reached XP level 8. HP: 16/48 MP: 10/10
  1774 | D:7      | Noticed Duvessa
  1823 | D:7      | Noticed Pikel
  2162 | D:6      | Learned a level 2 spell: Ensorcelled Hibernation
  2168 | D:6      | Learned a level 3 spell: Tukima's Dance
  2178 | D:6      | Reached skill level 1 in Hexes
  2325 | D:7      | Found a staircase to the Ecumenical Temple.
  2334 | Temple   | Entered the Ecumenical Temple
  2464 | D:7      | Noticed Dowan
  3695 | D:3      | Found a glowing silver altar of Zin.
  3697 | D:3      | Found a shadowy altar of Dithmenos.
  3697 | D:3      | Found an ancient bone altar of Kikubaaqudgha.
  3697 | D:3      | Found a snail-covered altar of Cheibriados.
  3702 | D:3      | Found a hazy altar of Hepliaklqana.
  3705 | D:3      | Became a worshipper of Cheibriados the Contemplative
  3732 | D:3      | Found a shimmering blue altar of Sif Muna.
  3733 | D:3      | Found a burning altar of Makhleb.
  3733 | D:3      | Found an opulent altar of Gozag.
  3735 | D:3      | Found a blossoming altar of Fedhas.
  3761 | D:3      | Gained mutation: Your body sometimes deteriorates upon
                  | taking damage. [potion of mutation]
  3761 | D:3      | Gained mutation: Your spells are a little harder to cast,
                  | but a little more powerful. [potion of mutation]
  3761 | D:3      | Gained mutation: Your flesh is heat resistant. (rF+)
                  | [potion of mutation]
  3762 | D:3      | Lost mutation: Your body sometimes deteriorates upon taking
                  | damage. [potion of mutation]
  3762 | D:3      | Lost mutation: Your spells are a little harder to cast, but
                  | a little more powerful. [potion of mutation]
  3762 | D:3      | Lost mutation: Your flesh is heat resistant. (rF+) [potion
                  | of mutation]
  3762 | D:3      | Gained mutation: You are resistant to hostile enchantments.
                  | (MR+) [potion of mutation]
  3762 | D:3      | Gained mutation: You expend magic power (3 MP) to
                  | strengthen your wands. [potion of mutation]
  3762 | D:3      | Gained mutation: You possess an exceptional clarity of
                  | mind. [potion of mutation]
  3852 | D:5      | Reached skill level 9 in Unarmed Combat
  4004 | D:7      | Found a runed translucent door.
  4005 | D:7      | Noticed Crazy Yiuf
  4013 | D:7      | Killed Crazy Yiuf
  4088 | D:8      | Reached skill level 1 in Shields
  4088 | D:8      | Reached XP level 9. HP: 25/53 MP: 8/11
  4423 | D:9      | Reached * piety under Cheibriados
  4429 | D:9      | Noticed an ice statue
  4432 | D:9      | Noticed a frost giant
  4455 | D:9      | Found a radiant altar of Vehumet.
  4492 | D:9      | Reached skill level 10 in Unarmed Combat
  4521 | D:8      | Found Bejeotar's Food Emporium.
  4602 | D:10     | Entered Level 10 of the Dungeon
  4666 | D:9      | Reached XP level 10. HP: 72/72 MP: 12/12
  4671 | D:9      | Noticed a skeletal warrior
  4674 | D:9      | Noticed a death drake
  4674 | D:9      | a tarantella changed into a death drake
  4682 | D:9      | Reached skill level 1 in Invocations
  4686 | D:9      | Killed a death drake
  4693 | D:9      | Killed a skeletal warrior
  4693 | D:9      | Reached ** piety under Cheibriados
  4703 | D:9      | Reached XP level 11. HP: 65/78 MP: 2/14
  4830 | D:9      | Reached skill level 5 in Evocations
  5089 | D:9      | Reached *** piety under Cheibriados
  5091 | D:9      | Noticed an ice dragon
  5106 | D:9      | Killed an ice dragon
  5449 | D:10     | Killed an unseen horror
  5449 | D:10     | Reached skill level 11 in Unarmed Combat
  5449 | D:10     | Reached skill level 5 in Invocations
  5605 | D:10     | Noticed Nergalle
  5616 | D:10     | Killed Nergalle
  5616 | D:10     | Reached **** piety under Cheibriados
  5895 | D:10     | Noticed Maggie
  5904 | D:10     | Killed Maggie
  6053 | D:11     | Reached XP level 12. HP: 46/84 MP: 17/17
  6064 | D:11     | Noticed a queen ant
  6066 | D:11     | Reached ***** piety under Cheibriados
  6393 | D:11     | HP: 2/85 [howler monkey (5)]
  6393 | D:11     | Slain by a howler monkey

Levels and vault maps discovered:
D:1:      lemuel_arrival_river_ford, layout_rooms, nemelex_diamond_rough_becter
D:2:      kb_forest_paths, layout_basic
D:3:      layout_rooms, minitemple, chequers_temple_overflow_statue_of_worship
D:4:      layout_loops_ring, first_ration
D:5:      minmay_opposing_rooms, layout_cave_pools, serial_shops, shop,
          minmay_misc_feat_encased, hangedman_abyss_or_decor_stabs,
          kennysheep_okawaru_gauntlet
D:6:      layout_loops_ring, serial_shops, nicolae_shop_stone,
          nicolae_gozag_seed_capital
D:7:      layout_layer_cave, minmay_temple_entry_junction,
          uniq_crazy_yiuf_cottage, uniq_duvessa, uniq_pikel
D:8:      layout_layer_cave, serial_shops, shop_fountains, the_bakery,
          grunt_decor_fettered, tgw_kikubaaqudgha
D:9:      minmay_twisted_water, layout_basic, overflow_temple_1_default,
          minivault_28, uniq_harold
D:10:     layout_long_grid, david_lair_shrubbed, minivault_27, uniq_sonja,
          uniq_nergalle, uniq_maggie
D:11:     layout_roguey, erik_orc_1, minmay_another_anthill
Temple:   nicolae_temple_x_marks_the_god

Skill      XL: |  1  2  3  4  5  6  7  8  9 10 11 12 |
---------------+-------------------------------------+-----
Stealth        | 3 4 |  4.0
Unarmed Combat | 1 2 4 6 8 9 10 11 | 11.5
Hexes          | 4 |  4.0
Shields        | 1 4 |  4.0
Fighting       | 8 9 |  9.0
Dodging        | 8 9 |  9.1
Invocations    | 2 6 |  6.6
Evocations     | 4 7 |  7.4
Short Blades   | |  1.0

Action                   |  1- 3 |  4- 6 |  7- 9 | 10-12 || total
-------------------------+-------+-------+-------+-------++-------
Melee: Short sword       |    22 |     3 |       |       ||    25
       Constrict         |     7 |     8 |    56 |    52 ||   123
       Tentacles         |     3 |     8 |    48 |    94 ||   153
       Unarmed           |       |    26 |   255 |   304 ||   585
       Dagger            |       |    12 |       |       ||    12
       Punch             |       |     1 |    20 |    40 ||    61
Throw: Boomerang         |       |       |     2 |    12 ||    14
 Cast: Ensorcelled Hiber |       |       |     7 |     3 ||    10
       Tukima's Dance    |       |       |     1 |       ||     1
Invok: Temporal Distorti |       |       |       |     2 ||     2
       Slouch            |       |       |       |     3 ||     3
Evoke: Wand              |     3 |    24 |    16 |    39 ||    82
  Use: Potion            |       |     2 |    15 |     6 ||    23
       Scroll            |       |       |    11 |     2 ||    13
 Stab: Sleeping          |     2 |     2 |    22 |    11 ||    37
       Betrayed ally     |       |     1 |       |       ||     1
       Paralysed         |       |     2 |       |       ||     2
       Distracted        |       |     1 |     1 |     1 ||     3
  Eat: Chunk             |       |       |     9 |     3 ||    12
       Ration            |       |       |     1 |     1 ||     2
Armor: Skin              |     1 |     9 |    25 |     3 ||    38
Dodge: Dodged            |    14 |    10 |   132 |   188 ||   344
Block: Buckler           |       |       |    14 |    61 ||    75

Table legend:
 A = Non-vault XP
 B = Vault XP
 C = Vault XP percentage of total XP
 D = Non-vault monster count
 E = Vault monster count
 F = Vault count percentage of total count
                 A         B        C        D         E       F
            +---------+---------+-------+---------+---------+-------
      Total |    9848 |    8520 |  46.4 |     203 |      62 |  23.4
            +---------+---------+-------+---------+---------+-------
        D:1 |      37 |       0 |   0.0 |      16 |       0 |   0.0
        D:2 |      68 |       8 |  10.5 |      17 |       3 |  15.0
        D:3 |      32 |       0 |   0.0 |      17 |       0 |   0.0
        D:4 |     499 |       0 |   0.0 |      25 |       0 |   0.0
        D:5 |     343 |     319 |  48.2 |      11 |       6 |  35.3
        D:6 |     303 |       0 |   0.0 |      12 |       0 |   0.0
        D:7 |     689 |      45 |   6.1 |      17 |       1 |   5.6
        D:8 |     427 |       0 |   0.0 |       9 |       0 |   0.0
        D:9 |    1826 |    5458 |  74.9 |      33 |      31 |  48.4
       D:10 |    2896 |    1179 |  28.9 |      28 |       2 |   6.7
       D:11 |    2728 |    1511 |  35.6 |      18 |      19 |  51.4
            +---------+---------+-------+---------+---------+-------
